 Dungeon Crawl Stone Soup version 0.28-a0-390-gb254ac4902 (webtiles) character file.

Game seed: 17507798915842853215

53 pmoppi the Skirmisher (level 3, -1/40 HPs)
             Began as an Ogre Monk on Sept 3, 2021.
             Splashed by a jelly's acid (10 damage)
             ... on level 2 of the Dungeon.
             The game lasted 00:01:47 (1500 turns).

pmoppi the Skirmisher (Ogre Monk)                   Turns: 1500, Time: 00:01:48

Health: -1/40      AC: -1    Str: 15    XL:     3   Next: 87%
Magic:  3/3        EV: 10    Int: 12    God:
Gold:   99         SH:  0    Dex: 11    Spells: 2/2 levels left

rFire   . . .      SeeInvis .   a - +0 hand axe
rCold   . . .      Faith    .   (no shield)
rNeg    . . .      Spirit   .   b - +0 robe
rPois   .          Reflect  .   (helmet restricted)
rElec   .          Harm     .   (no cloak)
rCorr   .          Rampage  .   (gloves unavailable)
Will    .....                   (boots unavailable)
Stlth   ++........              (no amulet)
HPRegen 0.13/turn               (no ring)
MPRegen 0.08/turn               (no ring)

@: corroded
A: large, unfitting armour, tough skin 1
a: no special abilities


You were on level 2 of the Dungeon.
You visited 1 branch of the dungeon, and saw 2 of its levels.

You collected 99 gold pieces.

Inventory:

Hand Weapons
 a - a +0 hand axe (weapon)
Armour
 b - a +0 robe (worn)
Jewellery
 f - a +6 ring of intelligence
Scrolls
 c - 2 scrolls of identify {unknown}
 h - a scroll of teleportation {unknown}
Potions
 d - a potion of heal wounds {unknown}
 e - a potion of berserk rage {unknown}
 g - a potion of brilliance {unknown}
 i - a potion of curing {unknown}


   Skills:
 + Level 4.6 Fighting
 * Level 3.9 Axes
 + Level 3.1 Dodging
 - Level 1.4 Stealth


You had 2 spell levels left.
You didn't know any spells.
Your spell library was empty.

Dungeon Overview and Level Annotations

Branches:
Dungeon (2/15)

Altars:

Shops:
D:1 ?


Innate Abilities, Weirdness & Mutations

You are too large for most types of armour.
You have tough skin. (AC +1)


Message History

The kobold hits you with a +0 dagger. The frilled lizard bites you.
You miss the frilled lizard.
The goblin shouts!
You hit the kobold.
You kill the kobold!
The frilled lizard bites you.
You slash the frilled lizard!
You kill the frilled lizard!
You hit the rat. The rat barely misses you.
You hit the rat.
You kill the rat!
A jelly comes into view.
Found a stone staircase leading down.
The goblin hits you with a +0 dagger.
You see here a frilled lizard corpse.
You miss the goblin.
The jelly quivers.
The goblin hits you with a +0 dagger.
You closely miss the goblin. The goblin barely misses you.
You hit the goblin.
The goblin is moderately wounded.
The goblin closely misses you.
You hit the goblin.
You kill the goblin!
You barely miss the jelly. The jelly barely misses you.
You hit the jelly.
Your hands burn!
The jelly is lightly wounded.
The jelly closely misses you.
You slash the jelly! The acid corrodes you!
Your hands burn!
The jelly is heavily wounded.
The jelly hits you.
You are splashed with acid!
You are too injured to fight recklessly!
You are too injured to fight recklessly!
You are too injured to fight recklessly!
You hit the jelly.
Your hands burn!
* * * LOW HITPOINT WARNING * * *
The jelly is severely wounded.
The jelly misses you. The jelly hits you.
* * * LOW HITPOINT WARNING * * *
You are splashed with acid!
You die...

.........
.........
........# ..
........# ...
.>....... #..
........## ...
......J..##.#
.. #@)#..#...
##†).##...
#....#>...
#..#...[..
..#.##..#....[.
........>......
.....##........
....###........
..
#..###.........
#.


You could see a jelly.

Vanquished Creatures
  A gnoll (D:1)
  An adder (D:2)
  A worm (D:2)
  A dart slug (D:1)
  2 ball pythons
  4 endoplasms
  A giant cockroach (D:1)
  6 hobgoblins (D:1)
  A bat (D:1)
  3 frilled lizards
  A goblin (D:2)
  A kobold (D:2)
  8 rats
31 creatures vanquished.

Notes
Turn   | Place    | Note
-------+----------+-------------------------------------------
     0 | D:1      | pmoppi the Ogre Monk began the quest for the Orb.
     0 | D:1      | Reached XP level 1. HP: 24/24 MP: 1/1
   116 | D:1      | Found Kucsysch's Magic Scroll Emporium.
   161 | D:1      | Reached XP level 2. HP: 32/32 MP: 2/2
   243 | D:1      | Found a faded altar of an unknown god.
   799 | D:1      | Reached XP level 3. HP: 16/40 MP: 3/3
  1500 | D:2      | Splashed by a jelly's acid

Illustrated notes

Levels and vault maps discovered:
D:1:      dpeg_arrival_ratfight, layout_loops_cross, serial_shops, shop,
          shapermc_ecumenical_altar_totnotflames
D:2:      layout_rooms, basic_altar, minivault_19

Skill      XL: |  1  2 |
---------------+-------+-----
Dodging        | 3 |  3.1
Fighting       | |  4.6
Axes           | |  3.9
Stealth        | |  1.4

Action                   || total
-------------------------++-------
Melee: Hand axe          ||    90
 Stab: Sleeping          ||     4
Armor: Robe              ||    15
Dodge: Dodged            ||    36

Table legend: (Time is in decaauts)
 A = Elapsed time spent in this place.
 B = Non-inter-level travel time spent in this place.
 C = Inter-level travel time spent in this place.
 D = Time resting spent in this place.
 E = Time spent auto-exploring this place.
 F = Levels seen in this place.
 G = Mean time per level.
                   A        B        C        D        E       F      G
               +--------+--------+--------+--------+--------+-----+--------+
         Total |   1511 |   1473 |     38 |    513 |    731 |   2 |  755.5 |
       Dungeon |   1511 |   1473 |     38 |    513 |    731 |   2 |  755.5 |
               +--------+--------+--------+--------+--------+-----+--------+

Top non-repeatable levels by time:
     D:1: 992 daAuts
     D:2: 519 daAuts
